 Dungeon Crawl Stone Soup version 0.24-a0-471-g3302cd442e (webtiles) character file.

Game seed: 16372600388960936472

670 Gildeon the Skirmisher (level 7, -7/59 HPs)
             Began as a Demigod Skald on July 4, 2019.
             Mangled by Edmund
             ... wielding a +2 dire flail of draining
              (10 damage)
             ... on level 5 of the Dungeon.
             The game lasted 00:18:32 (5795 turns).

Gildeon the Skirmisher (Demigod Skald)              Turns: 5795, Time: 00:18:32

Health: -7/59      AC:  9    Str: 16    XL:     7   Next: 10%
Magic:  14/14      EV: 16    Int: 23    God:
Gold:   198        SH:  0    Dex: 22    Spells: 1/12 levels left

rFire    . . .     SeeInvis .   a - +1 mace
rCold    . . .     Gourm    .   (no shield)
rNeg     . . .     Faith    .   b - +1 leather armour
rPois    .         Spirit   .   (no helmet)
rElec    .         Reflect  .   v - +1 cloak
rCorr    .         Harm     .   e - +2 pair of gloves
MR       +....                  (no boots)
Stlth    +++.......             (no amulet)
HPRegen  0.19/turn              f - ring of protection from magic
MPRegen  0.14/turn              i - +6 ring of intelligence

@: agile, very heavily drained
A: high mp 1
a: no special abilities


You were on level 5 of the Dungeon.
You were not hungry.

You visited 1 branch of the dungeon, and saw 5 of its levels.

You collected 198 gold pieces.

Inventory:

Hand Weapons
 a - a +1 mace (weapon)
 o - a +3 hand axe
Armour
 b - a +1 leather armour (worn)
 e - a +2 pair of gloves (worn)
 q - the +3 buckler of Elyvilon's Indignation {rC+++ rCorr Str-2 Int-2, unknown}
   (You found it on level 4 of the Dungeon)

   It affects your strength (-2).
   It affects your intelligence (-2).
   It renders you almost immune to cold.
   It provides partial protection from all sources of acid and corrosion.
 v - a +1 cloak (worn)
Jewellery
 c - an uncursed ring of ice
 f - a ring of protection from magic (left hand)
 i - a +6 ring of intelligence (right hand)
Scrolls
 m - a scroll of magic mapping
 t - 2 scrolls of enchant weapon
Potions
 g - 2 potions of heal wounds
 h - a potion of mutation {unknown}
 j - 2 potions of lignification
 n - a potion of flight {unknown}
 p - a potion of ambrosia {unknown}
 r - a potion of berserk rage {unknown}
 s - a potion of might {unknown}
Comestibles
 d - 5 rations


   Skills:
 - Level 4.1(0.0) Fighting
 - Level 4.0(0.0) Maces & Flails
 - Level 0.8(0.0) Armour
 + Level 3.4(0.0) Dodging
 + Level 0.5(0.0) Shields
 - Level 3.0(0.0) Spellcasting
 + Level 3.8(0.0) Charms


You had one spell level left.
You knew the following spells:

 Your Spells              Type           Power        Failure   Level  Hunger
a - Infusion              Chrm           #...         19%         1    ##.....
b - Song of Slaying       Chrm           #.......     28%         2    ###....
c - Shroud of Golubria    Chrm/Tloc      #.....       28%         2    ###....
d - Regeneration          Chrm/Necr      #.........   50%         3    ####...
e - Spectral Weapon       Hex/Chrm       #.......     50%         3    ####...

Your spell library contained the following spells:

 Spells                   Type           Power        Failure   Level  Hunger


Dungeon Overview and Level Annotations

Branches:
Dungeon (5/15)
 Temple: D:4-7

Annotations:
D:5 Edmund, Menkaure


Innate Abilities, Weirdness & Mutations

You have an increased reservoir of magic. (+10% MP)


Message History

* * * LOW HITPOINT WARNING * * *
You feel drained.
* * * LOW HITPOINT WARNING * * *
It was a potion of agility.
You feel agile all of a sudden.
Edmund hits you with a +2 dire flail of draining.
* * * LOW HITPOINT WARNING * * *
You feel drained.
* * * LOW HITPOINT WARNING * * *
You hit Edmund.
Edmund is severely wounded.
You are no longer magically infusing your attacks.
Edmund hits you but does no damage.
You feel drained.
You closely miss Edmund.
Edmund is severely wounded.
Edmund misses you.
You hit Edmund but do no damage.
Edmund is severely wounded.
Edmund hits you with a +2 dire flail of draining!
You die...

#......# # #......#
## #..>...# .##
#......# ..#
#......# ..#
#..(...# #### ..#
#.....<# ##... ..#
#######...(## #..#
..#
#.......#.@@#####.#
.##
#.................#
.(#
#.................#
..#
#.......#.#####.#.#
..# ###....##.#
#.#.# ..# #########
###.# ..## #.# .###
...# #.# #.... ####
#.##...##


You could see Edmund.

Vanquished Creatures
  A sky beast (D:5)
  A phantom (D:5)
  A scorpion (D:4)
  A howler monkey (D:5)
  A hound (D:5)
  3 orc wizards (D:4)
  Crazy Yiuf (D:5)
  2 iguanas
  3 worker ants
  4 adders
  3 gnolls (D:4)
  4 worms
  A dart slug (D:1)
  4 leopard geckos
  9 orcs
  3 giant cockroaches
  7 goblins
  5 hobgoblins
  8 jackals
  2 kobolds (D:1)
  A ball python (D:3)
  8 bats
  4 frilled lizards
  A quokka zombie (D:5)
  6 rats
84 creatures vanquished.

Notes
Turn   | Place    | Note
-------+----------+-------------------------------------------
     0 | D:1      | Gildeon the Demigod Skald began the quest for the Orb.
     0 | D:1      | Reached XP level 1. HP: 17/17 MP: 5/5
   382 | D:1      | Reached XP level 2. HP: 21/24 MP: 2/7
   387 | D:1      | Learned a level 2 spell: Song of Slaying
   390 | D:1      | Learned a level 2 spell: Shroud of Golubria
  1232 | D:2      | Reached XP level 3. HP: 25/29 MP: 6/8
  1832 | D:2      | Reached XP level 4. HP: 34/37 MP: 5/10
  1972 | D:2      | Found a sparkling altar of Nemelex Xobeh.
  1972 | D:2      | Found a blossoming altar of Fedhas.
  1973 | D:2      | Found a burning altar of Makhleb.
  3493 | D:4      | Reached XP level 5. HP: 44/44 MP: 8/11
  3502 | D:4      | Learned a level 3 spell: Regeneration
  3624 | D:4      | Found a snail-covered altar of Cheibriados.
  4019 | D:4      | Got a distressingly furry buckler
  4325 | D:4      | Found a deep blue altar of Sif Muna.
  4325 | D:4      | Found a bloodstained altar of Trog.
  4365 | D:5      | Entered Level 5 of the Dungeon
  4365 | D:5      | Noticed Menkaure
  4461 | D:5      | Found a runed translucent door.
  4462 | D:5      | Noticed Crazy Yiuf
  4474 | D:5      | Killed Crazy Yiuf
  4508 | D:5      | Noticed a phantom
  4571 | D:4      | Reached XP level 6. HP: 51/51 MP: 13/13
  4617 | D:5      | Learned a level 3 spell: Spectral Weapon
  4787 | D:5      | HP: 1/52 [sky beast (5)]
  4807 | D:5      | Reached XP level 7. HP: 15/59 MP: 14/14
  5096 | D:5      | HP: 2/59 [orc priest/divine providence (11)]
  5102 | D:4      | HP: 1/59 [poisoned by a worker ant]
  5534 | D:5      | Noticed Edmund
  5795 | D:5      | Mangled by Edmund

Levels and vault maps discovered:
D:1:      elethiomel_arrival_infinity_welcomes_careful_drivers, layout_basic,
          interstate_on_off, item_on_display_a
D:2:      layout_loops_ring, gammafunk_temple_overflow_claw, wad_orctagon
D:3:      layout_basic
D:4:      layout_basic, gammafunk_temple_overflow_statue, cheibriados_altar_1
D:5:      minmay_chambers_of_threes, layout_rooms, first_ration, uniq_edmund,
          uniq_crazy_yiuf_cottage, uniq_menkaure

Skill      XL: |  1  2  3  4  5  6 |
---------------+-------------------+-----
Maces & Flails | 2 3 4 |  4.0
Fighting       | 2 3 4 |  4.1
Spellcasting   | 2 3 |  3.0
Dodging        | 2 3 |  3.4
Charms         | 3 |  3.8
Armour         | |  0.8
Shields        | |  0.5

Action                   |  1- 3 |  4- 6 |  7- 9 || total
-------------------------+-------+-------+-------++-------
Melee: Mace              |   135 |   185 |    43 ||   363
 Cast: Infusion          |    19 |    12 |     3 ||    34
  Use: Scroll            |       |    11 |     1 ||    12
       Potion            |       |     2 |     3 ||     5
  Eat: Chunk             |     3 |     6 |     1 ||    10
       Ration            |       |     1 |     1 ||     2
Armor: Leather armour    |    38 |    58 |     5 ||   101
Dodge: Dodged            |   105 |   123 |    30 ||   258

Table legend:
 A = Non-vault XP
 B = Vault XP
 C = Vault XP percentage of total XP
 D = Non-vault monster count
 E = Vault monster count
 F = Vault count percentage of total count
                 A         B        C        D         E       F
            +---------+---------+-------+---------+---------+-------
      Total |     874 |      84 |   8.8 |      78 |       6 |   7.1
            +---------+---------+-------+---------+---------+-------
        D:1 |      45 |       0 |   0.0 |      26 |       0 |   0.0
        D:2 |      61 |      12 |  16.4 |      16 |       4 |  20.0
        D:3 |      21 |       0 |   0.0 |      11 |       0 |   0.0
        D:4 |     337 |       0 |   0.0 |      17 |       0 |   0.0
        D:5 |     410 |      72 |  14.9 |       8 |       2 |  20.0
            +---------+---------+-------+---------+---------+-------
